 Dungeon Crawl Stone Soup version 0.25.1-8-g42b30a86e7 (webtiles) character file.

Game seed: 5681431434016516751

28 Abzac the Firebug (level 2, -5/15 HPs)
             Began as a Deep Elf Fire Elementalist on Dec 18, 2020.
             Killed from afar by Natasha (9 damage)
             ... with a magic dart
             ... on level 2 of the Dungeon.
             The game lasted 00:04:06 (1410 turns).

Abzac the Firebug (Deep Elf Fire Elementalist)      Turns: 1410, Time: 00:04:07

Health: -5/15      AC:  2    Str:  5    XL:     2   Next: 96%
Magic:  5/8        EV: 13    Int: 19    God:
Gold:   71         SH:  0    Dex: 15    Spells: 7/8 levels left

rFire    . . .     SeeInvis .   (no weapon)
rCold    . . .     Gourm    .   (no shield)
rNeg     . . .     Faith    .   a - +0 robe
rPois    .         Spirit   .   (no helmet)
rElec    .         Reflect  .   (no cloak)
rCorr    .         Harm     .   (no gloves)
MR       .....                  (no boots)
Stlth    ++........             (no amulet)
HPRegen  0.05/turn              (no ring)
MPRegen  0.11/turn              (no ring)

@: no status effects
A: no striking features
a: no special abilities


You were on level 2 of the Dungeon.
You were not hungry.

You visited 1 branch of the dungeon, and saw 2 of its levels.

You collected 71 gold pieces.

Inventory:

Armour
 a - a +0 robe (worn)
Scrolls
 b - 3 scrolls of fog {unknown}
 e - 3 scrolls of enchant weapon {unknown}
 h - a scroll of noise {unknown}
 k - a scroll of immolation {unknown}
Potions
 d - a potion of curing {unknown}
 f - a potion of lignification {unknown}
 i - a potion of resistance {unknown}
 j - 2 potions of flight {unknown}
Comestibles
 c - 4 rations
 g - 2 chunks of flesh


   Skills:
 - Level 2.4 Dodging
 - Level 2.4 Stealth
 + Level 3.6 Spellcasting
 + Level 1.1 Conjurations
 * Level 4.2 Fire Magic


You had 7 spell levels left.
You knew the following spells:

 Your Spells              Type           Power        Failure   Level  Hunger
a - Foxfire               Conj/Fire      ##..         4%          1    None

Your spell library contained the following spells:

 Spells                   Type           Power        Failure   Level  Hunger
 Conjure Flame            Conj/Fire      ##......     14%         3    ###....
 Inner Flame              Hex/Fire       ##......     19%         3    ###....
 Sticky Flame             Conj/Fire      ##......     43%         4    ####...
 Fireball                 Conj/Fire      ##........   78%         5    ######.


Dungeon Overview and Level Annotations

Branches:
Dungeon (2/15)

Altars:

Annotations:
D:2 Natasha


Message History

Natasha barely misses you.
You open the door.
A bat comes into view.
Natasha claws you. The rat bites you.
Found a scroll labeled YNOOZE SUYJIEXT.
Casting: Foxfire (safe; 4% risk of failure)
Confirm with . or Enter, or press ? or * to list all spells.
You conjure some foxfire!
Natasha barely misses you. The rat bites you but does no damage.
The foxfire hits Natasha.
Natasha is severely wounded.
The foxfire hits Natasha.
Natasha is almost dead.
Natasha casts a spell at you. The magic dart hits you! The rat bites you.
* * * LOW HITPOINT WARNING * * *
Natasha casts a spell at you. The magic dart hits you!
Ouch! That really hurt!
You die...

.#.....# .#....# ##+##
#..# .'...# #.....
#...+
.#..###.....###....
.#.###.....###.?b.
.####.....###.... .##
..... ....
..####'#######'#####..#
..............h.@.?...#
#######.......r.......#
#################


You could see Natasha and a rat.

Vanquished Creatures
  3 dart slugs
  5 bats
  6 goblins
  2 jackals (D:1)
  A ball python (D:1)
  A frilled lizard (D:1)
  4 rats
22 creatures vanquished.

Vanquished Creatures (others)
  73 foxfires
73 creatures vanquished.

Grand Total: 95 creatures vanquished

Notes
Turn   | Place    | Note
-------+----------+-------------------------------------------
     0 | D:1      | Abzac the Deep Elf Fire Elementalist began the quest for
                  | the Orb.
     0 | D:1      | Reached XP level 1. HP: 10/10 MP: 6/6
   382 | D:1      | Reached XP level 2. HP: 9/15 MP: 4/8
   899 | D:1      | Reached skill level 4 in Fire Magic
  1388 | D:2      | Noticed Natasha
  1410 | D:2      | Killed from afar by Natasha

Illustrated notes

Levels and vault maps discovered:
D:1:      giann_horns, layout_loops_ring, minmay_crystal_water,
          minmay_misc_feat_pillars, dk_noncrumbling_2
D:2:      layout_loops_ring, lemuel_round_altar, minmay_quadrilaterals,
          uniq_natasha

Skill      XL: |  1  2 |
---------------+-------+-----
Fire Magic     | 4 |  4.2
Dodging        | |  2.4
Stealth        | |  2.4
Spellcasting   | |  3.6
Conjurations   | |  1.1

Action                   || total
-------------------------++-------
 Cast: Foxfire           ||    43
  Eat: Chunk             ||     1
Armor: Robe              ||     5
Dodge: Dodged            ||    31
